 Dungeon Crawl Stone Soup version 0.17.0-28-g6e173f8 (webtiles) character file.

553168 M4edhros the Fetichist (level 26, -3/241 HPs)
             Began as an Octopode Artificer on Nov 20, 2015.
             Was a High Priest of Fedhas.
             Slain by the Serpent of Hell (22 damage)
             ... on level 7 of Cocytus on Nov 25, 2015.
             The game lasted 04:52:50 (66374 turns).

M4edhros the Fetichist (Octopode Artificer)        Turns: 66374, Time: 04:52:50

Health: -3/241     AC: 39    Str: 23    XL:     26   Next: 38%
Magic:  39/39      EV: 24    Int: 36    God:    Fedhas [*****.]
Gold:   5824       SH: 18    Dex: 19    Spells: 10 memorised, 7 levels left

rFire  + + +     SeeInvis .     A - +3 Elemental Staff {rElec rF++ rC++ MR++ AC+5}
rCold  + + +     Clarity  +     U - +1 shield of Novoefia {*Corrode rC++ Slay+6}
rNeg   + . .     SustAt   .     X - +0 hat {Int+3}
rPois  ∞         Gourm    .     b - amulet "Buthuolihu" {Clar MR+ Str+4 Int+5 Dex-4} (curse)
rElec  +         Spirit   .     n - ring of Robustness {AC+8}
rCorr  .         Warding  .     (no ring)
rMut   .         Stasis   .     w - ring of wizardry
MR     +++++                    q - ring of protection from fire
Stlth  +++++++...               Q - ring of wizardry
                                H - ring of Curiosity {rC+ MR+ Str+7 Int+3}
                                L - +5 ring of intelligence
                                V - +3 ring of slaying

@: statue-form, frozen, very slightly contaminated, studying Earth Magic, very
slow, almost entirely resistant to hostile enchantments, extremely stealthy
A: almost no armour, amphibious, 8 rings, constrict 8, (icy blue scales 0),
(iridescent scales 0), large bone plates 1, camouflage 1, agile 2, clever 1,
regeneration 1, robust 2, (shaggy fur 0), electricity resistance, (gelatinous
body 0)
a: End Transformation, Evolution, Sunlight, Growth, Reproduction, Rain, Renounce
Religion
}: 3/15 runes: decaying, serpentine, silver


You were on level 7 of Cocytus.
You worshipped Fedhas.
Fedhas was extremely pleased with you.
You were hungry.
You were a stone statue.
You visited 12 branches of the dungeon, and saw 63 of its levels.
You also visited: Labyrinth, Trove, Sewer, Bailey, Ice Cave and Volcano.

You collected 8837 gold pieces.
You spent 3013 gold pieces at shops.

Inventory:

Hand Weapons
 m - a +9 greatsling of flaming
 o - the +1 blowgun of Arbitration {speed, Str+6 Dex-4}
   (You took it off an ironheart preserver on level 5 of the Vaults)

   Attacks with this weapon are significantly faster.
   It affects your strength (+6).
   It affects your dexterity (-4).
 A - the +3 Elemental Staff (weapon) {rElec rF++ rC++ MR++ AC+5}
   (You found it on level 2 of the Swamp)

   It affects your AC (+5).
   It greatly protects you from fire.
   It greatly protects you from cold.
   It insulates you from electricity.
   It affects your resistance to hostile enchantments.
 O - the +6 hunting sling of Piseog {freeze, rC+ MP+9 Str-3 Stlth+}
   (You found it in a treasure trove)

   It causes projectiles fired from it to freeze those they strike, causing
   extra injury to most foes and up to half again as much damage against
   particularly susceptible opponents.
   They can also slow down cold-blooded creatures.
   It affects your strength (-3).
   It protects you from cold.
   It affects your magic capacity (+9).
   It makes you more stealthy.
 P - the +7 hunting sling "Weikyol" {venom, +Blink +Fly rPois Dex+2}
   (You bought it in a shop on level 4 of the Dungeon)

   It poisons the ammo it fires.
   It affects your dexterity (+2).
   It protects you from poison.
   It lets you fly.
   It lets you blink.
Missiles
 u - 5 throwing nets (quivered)
 y - 311 stones
 C - 129 sling bullets
 Z - 7 curare-tipped needles
Armour
 U - the +1 shield of Novoefia (worn) {*Corrode rC++ Slay+6}
   (You found it on level 9 of the Dungeon)

   It affects your accuracy and damage with ranged weapons and melee attacks
   (+6).
   It greatly protects you from cold.
   It may corrode your equipment when you take damage.
 X - a +0 hat of intelligence (worn)
Magical Staves
 g - an uncursed staff of energy
Rods
 e - a +8 lightning rod (17/17)
   (You acquired it in a bailey)
 F - a +6 rod of the swarm (13/13)
   (You acquired it on level 4 of the Swamp)
 I - a +9 rod of shadows (1/15)
   (You acquired it on level 12 of the Dungeon)
 N - a +9 rod of ignition (11/11)
   (You found it on level 12 of the Dungeon)
 Y - a +3 lightning rod (12/12)
   (You took it off a tengu conjurer on level 1 of the Depths)
Jewellery
 b - the cursed amulet "Buthuolihu" (around mantle) {Clar MR+ Str+4 Int+5 Dex-4}
   (You took it off a vault warden on level 5 of the Vaults)

   [amulet of clarity]

   It provides mental clarity.
   It affects your strength (+4).
   It affects your intelligence (+5).
   It affects your dexterity (-4).
   It affects your resistance to hostile enchantments.
   It has a curse placed upon it.
 k - an uncursed amulet of regeneration
 n - the ring of Robustness (left tentacle) {AC+8}
   (You found it in a treasure trove)

   [ring of protection]

   It affects your AC (+8).
 q - a ring of protection from fire (on tentacle)
 w - a ring of wizardry (on tentacle)
 G - the ring "Yloep" {rC+ MR+}
   (You found it on level 5 of the Vaults)

   [ring of protection from magic]

   It protects you from cold.
   It affects your resistance to hostile enchantments.
 H - the ring of Curiosity (on tentacle) {rC+ MR+ Str+7 Int+3}
   (You took it off an ogre mage on level 2 of the Depths)

   [ring of intelligence]

   It affects your strength (+7).
   It affects your intelligence (+3).
   It protects you from cold.
   It affects your resistance to hostile enchantments.
 K - the ring of Starshine {-Tele rPois Dex+9 SInv Stlth+}
   (You took it off a vault guard on level 5 of the Vaults)

   [ring of poison resistance]

   It affects your dexterity (+9).
   It protects you from poison.
   It lets you see invisible.
   It prevents most forms of teleportation.
   It makes you more stealthy.
 L - a +5 ring of intelligence (on tentacle)
 Q - a ring of wizardry (on tentacle)
 V - a +3 ring of slaying (on tentacle)
Wands
 r - a wand of enslavement (9)
Scrolls
 a - a scroll of identify
 i - 3 scrolls of blinking
 l - 19 scrolls of teleportation
 t - 7 scrolls of fog
 J - 5 scrolls of fear
 R - a scroll of summoning
Potions
 c - 2 potions of heal wounds
 j - 3 potions of agility
 x - 9 potions of might
 z - 2 potions of magic
 B - 7 potions of haste
 D - 8 potions of curing
 S - 2 potions of invisibility
Books
 d - a manual of Earth Magic
Miscellaneous
 f - a phial of floods (inert)
 h - a box of beasts
 s - a phial of floods (inert)
 v - a lantern of shadows
 M - a disc of storms
 T - the horn of Geryon
Comestibles
 p - 25 fruits
 E - 3 beef jerkies
 W - 5 meat rations


   Skills:
 - Level 6.7 Fighting
   Level 1.0 Short Blades
 * Level 9.2 Staves
 + Level 14.0 Slings
 + Level 13.5 Dodging
 - Level 14.8 Stealth
 + Level 15.4 Shields
 * Level 12.2 Spellcasting
 - Level 5.8 Conjurations
 - Level 13.1 Charms
 - Level 3.9 Necromancy
 - Level 10.1 Translocations
 - Level 15.1 Transmutations
 - Level 13.1 Air Magic
 + Level 15.4 Earth Magic
 - Level 6.0 Poison Magic
 + Level 13.2 Invocations
 + Level 17.6 Evocations


You had 7 spell levels left.
You knew the following spells:

 Your Spells              Type           Power        Failure   Level  Hunger
a - Statue Form           Trmt/Erth      #######..    1%          6    ###....
b - Stoneskin             Trmt/Erth      #######.     0%          2    None
c - Deflect Missiles      Chrm/Air       #######...   1%          6    ###....
d - Regeneration          Chrm/Necr      ######....   1%          3    None
e - Recall                Summ/Tloc      N/A          1%          3    None
f - Poisonous Cloud       Conj/Pois/Air  ######....   3%          6    ###....
g - Swiftness             Chrm/Air       #######.     0%          2    None
h - Phase Shift           Tloc           #######...   1%          5    None
i - Mephitic Cloud        Conj/Pois/Air  ######..     1%          3    None
j - Iron Shot             Conj/Erth      #######...   1%          6    ###....


Dungeon Overview and Level Annotations

Branches:
Dungeon (15/15)            Temple (1/1) D:4            Lair (8/8) D:8
  Swamp (4/4) Lair:4        Snake (4/4) Lair:5        Slime (6/6) Lair:8
    Orc (4/4) D:11            Elf (3/3) Orc:4        Vaults (5/5) D:13
  Crypt (0/3) Vaults:3     Depths (5/5) D:15           Hell (1/1)
    Dis (0/7) Hell            Geh (0/7) Hell            Coc (7/7) Hell
    Tar (0/7) Hell            Zot (0/5) Depths:5

Altars:
Ashenzari
Cheibriados
Dithmenos
Elyvilon
Fedhas
Gozag
Kikubaaqudgha
Makhleb
Nemelex Xobeh
Okawaru
Ru
Sif Muna
Trog
Vehumet
Xom
Yredelemnul
Zin
The Shining One
Beogh
Jiyva

Shops:
D:4 (   D:8 ?   D:12 ?   D:13 *   Orc:4 [([[   Elf:1 }%   Elf:2 *   Snake:4 %
Vaults:2 =   Vaults:4 ?   Vaults:5 :

Portals:
Hell: Depths:1 Depths:2 Depths:4 Depths:5
Abyss: Depths:4
Pandemonium: Depths:3 Depths:4
Ziggurat: Depths:4

Annotations:
D:12 3 runed doors
Coc:7 Serpent of Hell


Innate Abilities, Weirdness & Mutations

You cannot wear most types of armour.
You are amphibious.
You can wear up to eight rings at the same time.
You can use your tentacles to constrict eight enemies at once.
Your skin changes colour to match your surroundings (Stealth).
((Your rubbery body absorbs attacks (AC +1).))
((You are partially covered in icy blue scales (AC +1).))
((You are partially covered in iridescent scales (AC +4).))
(You are partially covered in large bone plates (AC +2, SH +2).)
You are very agile. (Dex +4)
Your mind is acute. (Int +2)
Your natural rate of healing is unusually fast.
You are very robust (+20% HP).
((You are covered in fur (AC +1).))
You are resistant to electric shocks.


Message History

You block the Serpent of Hell's attack. The Serpent of Hell barely misses you.
The Serpent of Hell barely misses you.
Unknown command.
Unknown command.
Unknown command.
Wield which item (- for none, * to show all)? (? for menu, Esc to quit)
A - the +3 Elemental Staff (weapon)
{rElec rF++ rC++ MR++ AC+5} You are engulfed in freezing vapours.
You resist.
* * * LOW HITPOINT WARNING * * *
The jumping spider is engulfed in freezing vapours.
You block the jumping spider's attack.
The jumping spider bites you but does no damage.
Your yaktaur closely misses the Serpent of Hell.
The Serpent of Hell bites you.
* * * LOW HITPOINT WARNING * * *
The Serpent of Hell freezes you. You resist.
* * * LOW HITPOINT WARNING * * *
The Serpent of Hell bites you!!
You die...
Fedhas appreciates your contribution to the ecosystem.

##∩..≈##....#
##...≈##).)..#
#.∩.≈##.)).###
#∩..≈##..#.####
#...≈##..#≈###.#
#...≈##...≈≈##..#
##...≈##....≈≈≈≈#§#
##...≈##..#≈≈.≈§#§.#
#...≈##..#≈≈≈≈.§8§c#
...≈##....##≈≈.#Ds.#
≈.≈##....###≈#.cp.§#
≈.......###.#...CDD##
≈.......##........^x###
##################.DDZ#
≈.#.. ##.sx## ≈≈.#.
#§xDz## ≈≈≈.# ###≈§≈##
≈≈≈≈.


You could see the Serpent of Hell, a shadow dragon, an iron dragon, a golden
dragon, a storm dragon, a frost giant, an ice dragon, 3 worldbinders, a jumping
spider, a spider, a flying skull, 2 friendly yaktaurs and a friendly
necromancer.

Vanquished Creatures
  the royal jelly (Slime:6)
  A juggernaut (Depths:5)
  5 shard shrikes
  Frederick (Vaults:2)
  Norris (Snake:2)
  Geryon (Hell)
  2 golden dragons (Depths:5)
  Jorgrun (Depths:2)
  Rupert (Lair:3)
  An Ice Fiend (Coc:7)
  A tentacled monstrosity (Vaults:5)
  A quicksilver dragon (Vaults:5)
  2 deep elf blademasters (Elf:3)
  A lich (Vaults:4)
  4 titans (Vaults:5)
  2 deep elf master archers (Elf:3)
  An acid blob (shapeshifter) (D:12)
  Gastronok (Lair:2)
  The ghost of puimuR the Pandemonic, an adept TrMo of Makhleb (Slime:6)
  2 sphinxes
  An octopode crusher (Depths:2)
  3 shadow dragons
  17 acid blobs
  2 storm dragons
  A draconian monk (Depths:5)
  2 ancient champions (Hell)
  6 tengu reavers
  15 azure jellies
  Wiglaf (Depths:3)
  The ghost of 4thArraOfDagon the Severer, a journeyman MiBe of Trog (Slime:6)
  7 fire giants
  8 greater nagas
  Donald (Swamp:2)
  A draconian knight (Depths:5)
  9 frost giants
  5 deep elf sorcerers
  17 vault wardens
  A balrug (Hell)
  2 spriggan defenders (Depths:5)
  2 orc warlords
  3 reapers
  2 ghost moths (shapeshifter)
  21 ironheart preservers
  6 very ugly things
  5 war gargoyles
  14 stone giants
  A salamander firebrand (Hell)
  A green draconian (Depths:5)
  2 vampire knights (Depths:2)
  2 elemental wellsprings
  A black draconian (Depths:5)
  A lorocyproca (Hell)
  10 deep elf annihilators
  A white draconian (Depths:5)
  5 deep elf demonologists (Elf:3)
  4 salamander stormcallers
  A red draconian (Depths:5)
  An ettin (shapeshifter) (Depths:4)
  10 ettins
  2 purple draconians (Depths:5)
  3 deep elf death magi (Elf:3)
  A minotaur (Lab)
  6 death oozes (Slime:6)
  A green death (Hell)
  11 yaktaur captains
  13 fire dragons
  A blizzard demon (Coc:1)
  3 fire dragons (shapeshifter) (Depths:4)
  A crystal guardian (Depths:4)
  3 deep elf high priests
  8 rakshasas
  A merfolk impaler (Depths:2)
  Josephine (D:11)
  18 hydras
  12 great orbs of eyes
  16 vault guards
  21 naga warriors
  An entropy weaver (Depths:4)
  15 ice dragons
  A quicksilver dragon skeleton (Coc:6)
  7 centaur warriors
  3 catoblepae (Lair:8)
  2 ghost crabs (Swamp:4)
  6 spriggan air magi
  Erica (D:11)
  6 anacondas
  10 dancing weapons
  4 deep troll shamans
  16 ogre magi
  3 alligators
  9 death yaks (Lair:8)
  3 orc high priests
  2 vampire magi
  A hell hog (Hell)
  15 naga sharpshooters
  13 tengu warriors
  4 deep troll earth magi
  4 shock serpents
  Urug (D:13)
  13 deep elf knights
  6 hell knights (Hell)
  Sonja (D:12)
  2 sun demons (Hell)
  2 iron golems (Hell)
  Nergalle (Lair:1)
  5 swamp dragons (Swamp:4)
  4 fire crabs
  A death drake (Swamp:2)
  2 wizards
  5 soul eaters
  2 salamander mystics
  12 ice devils
  23 skeletal warriors
  3 shadow wraiths
  4 iron trolls
  A shadow demon (Depths:1)
  A small abomination (Elf:3)
  A sea snake (shapeshifter) (Depths:5)
  A swamp dragon (shapeshifter) (Vaults:2)
  4 unseen horrors
  3 spriggan druids (Swamp:4)
  12 deep elf summoners
  A flayed ghost (Vaults:1)
  17 deep trolls
  8 naga ritualists
  A harpy (Vaults:4)
  An obsidian statue (Depths:1)
  9 ironbrand convokers
  A golden dragon skeleton (Coc:6)
  Pikel (D:5)
  7 hill giants
  4 giant orange brains
  4 phantasmal warriors
  4 necromancers
  7 anaconda skeletons
  25 orc knights
  A frost giant zombie (Coc:5)
  6 orc sorcerers
  13 salamanders
  2 hornets
  A fire giant zombie (Coc:7)
  31 ugly things
  16 deep elf conjurers
  6 mana vipers
  6 wolf spiders
  5 griffons
  A moth of wrath (shapeshifter) (Vaults:2)
  8 elephants
  2 fire giant skeletons
  5 cyclopes
  2 frost giant skeletons
  A shining eye (Slime:2)
  14 vault sentinels
  An octopode (shapeshifter) (Depths:1)
  An iron dragon skeleton (Coc:7)
  An elephant (shapeshifter) (Vaults:1)
  8 guardian serpents
  16 naga magi
  Joseph (D:7)
  3 orange demons
  2 smoke demons (Hell)
  2 ice statues
  6 rust devils
  2 gargoyles
  An eye of devastation (Slime:2)
  A shock serpent skeleton (Coc:7)
  A hellion (Hell)
  58 yaktaurs
  24 spiny frogs
  34 black mambas
  2 fire drakes
  A kobold demonologist (D:13)
  7 komodo dragons
  2 yaktaurs (shapeshifter)
  A dire elephant skeleton (Coc:2)
  3 tormentors
  2 swamp worm zombies (Swamp:2)
  5 tengu conjurers
  A hydra zombie (Hell)
  A troll (shapeshifter) (Vaults:1)
  13 blue devils
  2 anaconda simulacra
  23 deep elf priests
  A wind drake (shapeshifter) (Depths:4)
  11 freezing wraiths
  A jumping spider (Depths:4)
  5 red devils (Hell)
  7 trolls
  2 polar bears (shapeshifter)
  4 giant leeches
  12 polar bears
  9 blink frogs
  A giant leech (shapeshifter) (Vaults:5)
  32 two-headed ogres
  A raiju (shapeshifter) (Depths:5)
  2 queen bees (shapeshifter)
  81 slime creatures
  2 alligator zombies
  A boulder beetle (shapeshifter) (Vaults:4)
  9 hydra skeletons
  8 boulder beetles
  A two-headed ogre (shapeshifter) (Vaults:4)
  12 bog bodies
  A spectral swamp dragon (Swamp:2)
  A blink frog (shapeshifter) (D:12)
  A human simulacrum (Vaults:4)
  3 alligator skeletons
  6 wraiths
  19 flying skulls
  4 shadows
  A tarantella (Vaults:1)
  9 vampires
  4 redbacks
  2 fire dragon skeletons (Coc:1)
  2 air elementals (Depths:5)
  3 wyverns
  30 deep elf magi
  A redback (shapeshifter) (Depths:2)
  A chaos spawn (Vaults:4)
  12 spriggans
  2 tarantellas (shapeshifter)
  7 water elementals
  25 deep elf fighters
  46 yaks
  2 yaks (shapeshifter)
  Eustachio (D:5)
  An ice dragon skeleton (Coc:2)
  14 hippogriffs
  7 fire elementals
  Grum (Lair:1)
  6 basilisks
  A human (shapeshifter) (D:15)
  29 wolves
  2 steam dragons (D:14)
  19 vampire mosquitoes
  2 mottled dragons
  18 insubstantial wisps
  A spiny frog zombie (Swamp:2)
  3 hydra simulacra
  11 water moccasins
  4 wargs
  21 swamp worms
  69 nagas
  5 hell hounds
  7 ice beasts
  18 porcupines
  2 harpy simulacra
  2 soldier ants (shapeshifter)
  A slave (D:5)
  11 swamp drakes
  A fire dragon simulacrum (Depths:4)
  An alligator simulacrum (Coc:2)
  A black bear (shapeshifter) (Elf:1)
  6 spiny frog skeletons
  70 ogres
  53 orc warriors
  A black bear (D:13)
  3 boggarts (Depths:1)
  2 phantoms
  14 wasps
  2 eyes of draining
  18 crocodiles
  24 centaurs
  2 large abominations (Swamp:2)
  A snapping turtle skeleton (Coc:3)
  2 big kobolds
  2 gnoll sergeants (D:8)
  An earth elemental (Lab)
  A spiny frog simulacrum (Hell)
  34 giant frogs
  10 human skeletons
  A wyvern skeleton (D:13)
  2 troll zombies (Swamp:2)
  4 scorpions
  A spriggan zombie (Swamp:2)
  8 killer bees (D:12)
  2 troll skeletons (Swamp:2)
  4 wights
  2 lava snakes (D:12)
  A quasit (D:7)
  7 crimson imps
  9 centaur skeletons
  17 jellies
  2 human zombies (Depths:2)
  2 yaktaur simulacra
  Crazy Yiuf (D:7)
  3 hounds
  12 iguanas
  5 iron imps
  33 orc priests
  39 orc wizards
  14 worker ants
  2 giant frog skeletons
  Jessica (D:3)
  A worker ant (shapeshifter) (Depths:1)
  20 sheep
  3 mummies
  3 ogre skeletons (Lab)
  A hound skeleton (D:9)
  Robin (D:2)
  23 gnolls
  8 adders
  37 river rats
  6 shadow imps
  23 white imps
  2 oozes
  2 adder zombies
  2 adder skeletons (D:8)
  166 orcs
  A bat skeleton (D:8)
  A bat zombie (D:8)
  3 giant cockroaches
  38 goblins
  25 hobgoblins
  18 jackals
  7 quokkas
  4 ball pythons
  10 bats
  3 giant geckos
  2 giant gecko skeletons (D:5)
  A giant gecko zombie (D:6)
  9 giant newts
  A goblin zombie (D:7)
  A hobgoblin skeleton (D:7)
  2 hobgoblin zombies (D:7)
  23 kobolds
  A kobold skeleton (Coc:6)
  2 orc skeletons (D:7)
  2 quokka skeletons
  9 rats
  A rat skeleton (D:8)
  A rat zombie (D:8)
  8 ballistomycetes
  A fungus (D:7)
  8 giant spores
  A hyperactive ballistomycete (Orc:4)
  8 plants (Sewer)
2567 creatures vanquished.

Vanquished Creatures (collateral kills)
  A tentacled monstrosity (Vaults:5)
  A quicksilver dragon (Vaults:5)
  2 azure jellies (Slime:6)
  The ghost of confidenceinterval the Fencer, an adept MiGl of Makhleb (Snake:2)
  A storm dragon (Vaults:3)
  3 greater nagas
  2 vault wardens
  2 frost giants
  A deep elf sorcerer (Vaults:5)
  A balrug (Hell)
  A very ugly thing (Vaults:3)
  3 war gargoyles
  5 ironheart preservers
  A deep elf demonologist (Vaults:4)
  2 stone giants (Vaults:5)
  Azrael (Snake:3)
  A salamander stormcaller (Vaults:5)
  An ettin (Vaults:3)
  2 deep elf death magi (Vaults:5)
  12 vault guards (Vaults:5)
  2 fire dragons
  A yaktaur captain (Vaults:5)
  A great orb of eyes (Vaults:4)
  A hydra (Lair:7)
  A naga warrior (Snake:2)
  A centaur warrior (Vaults:1)
  An alligator (Swamp:4)
  A deep troll shaman (Vaults:2)
  4 ogre magi
  A dancing weapon (Vaults:4)
  A wandering mushroom (Snake:4)
  A sun demon (Hell)
  An iron troll (Hell)
  An ice devil (Coc:7)
  A flayed ghost (Vaults:4)
  A ball lightning (Vaults:4)
  A spriggan druid (Swamp:4)
  4 orc knights
  A wizard (D:13)
  3 spectral hydras (Swamp:2)
  2 necromancers
  A naga ritualist (Snake:1)
  3 ironbrand convokers (Vaults:1)
  A mana viper (shapeshifter) (Vaults:4)
  3 mana vipers
  2 deep elf conjurers
  2 ugly things
  A griffon (Lair:7)
  A salamander (shapeshifter) (Vaults:1)
  A naga mage (Snake:3)
  A vault sentinel (Vaults:5)
  4 elephants
  3 spiny frogs (Swamp:4)
  4 yaktaurs
  A kobold demonologist (D:13)
  A blue devil (Hell)
  3 deep elf priests
  3 polar bears (IceCv)
  2 freezing wraiths
  A wind drake (shapeshifter) (Vaults:4)
  2 trolls
  2 spectral swamp dragons (Swamp:2)
  5 slime creatures
  6 two-headed ogres
  2 redbacks
  2 flying skulls (Coc:6)
  5 wraiths
  A steam dragon (D:9)
  A deep elf fighter (Vaults:5)
  6 yaks
  A hippogriff (D:11)
  A wolf (IceCv)
  2 vampire mosquitoes
  A neqoxec (Vaults:4)
  2 nagas
  A swamp worm (Swamp:2)
  2 orc warriors
  8 ogres
  3 phantoms
  A crocodile (Lair:7)
  A big kobold (D:13)
  A scorpion (D:13)
  4 wights (D:6)
  2 orc priests
  A giant frog skeleton (D:12)
  An orc wizard (Vaults:1)
  An iguana (Lair:6)
  An adder (D:4)
  A white imp (Coc:4)
  11 orcs
  A quokka (D:9)
  A kobold (D:8)
  22 giant spores
  5 hyperactive ballistomycetes
220 creatures vanquished.

Vanquished Creatures (others)
  A thorn hunter (Swamp:4)
  A fire giant (Depths:4)
  3 oklob plants (Vaults:5)
  A ghost crab (Swamp:3)
  2 hydras (Swamp:4)
  2 alligators (Swamp:4)
  The ghost of BLOAX the Grappler, a journeyman VSMo of Cheibriados (Swamp:3)
  A centaur warrior (Vaults:2)
  An ogre mage (Vaults:1)
  An orc high priest (Orc:4)
  An unseen horror (Vaults:1)
  A ghost moth zombie (Coc:3)
  2 shambling mangroves (Swamp:4)
  A wolf spider zombie (D:15)
  A spiny frog (Swamp:3)
  An anaconda simulacrum (Depths:4)
  A swamp worm zombie (Swamp:2)
  82 wandering mushrooms
  A two-headed ogre (Vaults:4)
  A tengu conjurer (Depths:3)
  A trapdoor spider zombie (D:14)
  A spriggan (Swamp:1)
  8 bog bodies
  A water elemental (Hell)
  A giant leech zombie (Swamp:2)
  A vampire mosquito (Swamp:4)
  A swamp worm (Swamp:3)
  5 wasps
  A swamp drake (Swamp:4)
  A necrophage (D:6)
  A centaur zombie (D:12)
  A giant frog skeleton (D:12)
  An orc priest (Orc:4)
  A hound (D:4)
  An orc (D:5)
  40 ballistomycetes
  5 briar patches (Swamp:4)
  30 fungi
  11 giant spores
  A hyperactive ballistomycete (Elf:3)
  12 plants
  2302 toadstools
2533 creatures vanquished.

Grand Total: 5320 creatures vanquished

Notes
Turn   | Place    | Note
--------------------------------------------------------------
     0 | D:1      | M4edhros the Octopode Artificer began the quest for the Orb.
     0 | D:1      | Reached XP level 1. HP: 13/13 MP: 3/3
   441 | D:1      | Reached XP level 2. HP: 15/18 MP: 4/4
  1079 | D:2      | Noticed Robin
  1353 | D:2      | Reached XP level 3. HP: 19/23 MP: 5/5
  1355 | D:2      | Reached skill level 4 in Evocations
  2065 | D:3      | Reached skill level 1 in Slings
  2065 | D:3      | Reached XP level 4. HP: 18/28 MP: 7/7
  2173 | D:3      | Found a burning altar of Makhleb.
  2210 | D:4      | Noticed an ogre
  2359 | D:4      | Found Benokh's Antique Weapon Shop.
  2424 | D:4      | Reached XP level 5. HP: 21/33 MP: 8/8
  2518 | D:5      | Entered Level 5 of the Dungeon
  2596 | D:5      | Reached skill level 5 in Stealth
  2596 | D:5      | Reached skill level 5 in Evocations
  2665 | D:5      | Reached XP level 6. HP: 32/38 MP: 9/9
  2708 | D:5      | Found a deep blue altar of Sif Muna.
  2845 | D:5      | Noticed a phantom
  2918 | D:5      | Found a glowing drain.
  2925 | Sewer    | Entered a sewer
  3867 | D:5      | Found an iron altar of Okawaru.
  3869 | D:5      | Reached skill level 6 in Stealth
  3966 | D:5      | Found an iron altar of Okawaru.
  3970 | D:5      | Noticed Eustachio
  3993 | D:5      | Killed Eustachio
  3993 | D:5      | Reached XP level 7. HP: 27/43 MP: 11/11
  4030 | D:5      | Noticed Pikel
  4030 | D:5      | Noticed a slave
  4267 | D:6      | Found a basalt altar of Yredelemnul.
  4294 | D:6      | Found a bloodstained altar of Trog.
  4321 | D:7      | Found a glowing golden altar of the Shining One.
  4321 | D:7      | Noticed Joseph
  4488 | D:7      | Reached skill level 7 in Stealth
  4789 | D:7      | Noticed Crazy Yiuf
  4795 | D:7      | Killed Crazy Yiuf
  4968 | D:7      | Reached XP level 8. HP: 14/48 MP: 12/12
  5109 | D:5      | Noticed a slave
  5109 | D:5      | Noticed a slave
  5109 | D:5      | Noticed a slave
  5354 | D:4      | Noticed an ogre
  5362 | D:4      | Killed an ogre
  5563 | D:4      | Found a staircase to the Ecumenical Temple.
  5653 | Temple   | Entered the Ecumenical Temple
  5958 | Temple   | Became a worshipper of Xom of Chaos
  5985 | Temple   | Fell from the grace of Xom
  5985 | Temple   | Became a worshipper of Fedhas Madash
  6054 | D:3      | Reached skill level 5 in Slings
  6444 | D:2      | Killed Robin
  6444 | D:2      | Reached skill level 8 in Stealth
  6549 | D:3      | Noticed Jessica
  6558 | D:3      | Killed Jessica
  6560 | D:3      | Reached * piety under Fedhas
  7031 | D:5      | Killed a slave
  7085 | D:5      | Identified Sif Muna's Compendium of Beguiling
  7172 | D:5      | Killed Pikel
  7172 | D:5      | Reached skill level 9 in Stealth
  7172 | D:5      | Reached XP level 9. HP: 39/53 MP: 14/14
  7698 | D:6      | XOM: draining
  7953 | D:4      | Bought a warped hunting sling for 188 gold pieces
  7953 | D:4      | Identified the +7 hunting sling "Weikyol" {venom, +Blink +Fly rPois Dex+2} (You bought it in a shop on level 4 of the Dungeon)
  8001 | D:5      | Killed a phantom
  8233 | D:7      | Killed Joseph
  8233 | D:7      | Reached skill level 1 in Invocations
  8356 | D:8      | Found a shattered altar of Ashenzari.
  8385 | D:8      | Found a shadowy altar of Dithmenos.
  8587 | D:8      | Noticed a komodo dragon
  8587 | D:8      | Found a staircase to the Lair.
  8605 | D:8      | Killed a komodo dragon
  8605 | D:8      | Reached skill level 10 in Stealth
  8605 | D:8      | Reached XP level 10. HP: 58/58 MP: 16/16
  8731 | D:8      | Found an ancient bone altar of Kikubaaqudgha.
  8920 | D:8      | Found Dajeryn's Magic Scroll Shop.
  8924 | D:8      | Found a sparkling altar of Nemelex Xobeh.
  9067 | D:8      | Found a snail-covered altar of Cheibriados.
  9095 | D:8      | XOM: give mutation
  9095 | D:8      | Gained mutation: You are dopey. (Int -2) [Xom's mischief]
  9170 | D:8      | Reached ** piety under Fedhas
  9514 | D:9      | Found a white marble altar of Elyvilon.
  9531 | D:9      | Got a heavily runed shield
  9542 | D:9      | Identified the +1 shield of Novoefia {*Corrode rC++ Slay+6} (You found it on level 9 of the Dungeon)
  9781 | D:9      | XOM: give mutations
  9781 | D:9      | Gained mutation: You are partially covered in large bone plates (AC +2, SH +2). [Xom's mischief]
  9781 | D:9      | Gained mutation: You are weak. (Str -2) [Xom's mischief]
  9781 | D:9      | Gained mutation: You are clumsy. (Dex -2) [Xom's mischief]
  9904 | D:9      | XOM: noise
 10140 | D:10     | Entered Level 10 of the Dungeon
 10192 | D:10     | Lost mutation: You are weak. (Str -2) [potion of cure mutation]
 10192 | D:10     | Lost mutation: You are clumsy. (Dex -2) [potion of cure mutation]
 10192 | D:10     | Lost mutation: You are dopey. (Int -2) [potion of cure mutation]
 10203 | D:10     | XOM: mild Divn miscast
 10307 | D:10     | Reached *** piety under Fedhas
 10320 | D:10     | Reached skill level 5 in Dodging
 10476 | D:10     | XOM: mild Hex miscast
 10599 | D:11     | Noticed a cyan ugly thing
 10613 | D:11     | Killed a cyan ugly thing
 10613 | D:11     | Reached skill level 5 in Shields
 10621 | D:11     | Gained mutation: You can translocate small distances at will. [mutagenic meat]
 10658 | D:11     | Noticed Josephine
 10660 | D:11     | Noticed an unseen horror
 10670 | D:11     | Killed Josephine
 10678 | D:11     | Reached XP level 11. HP: 51/63 MP: 17/17
 10704 | D:11     | Killed an unseen horror
 10704 | D:11     | Reached skill level 11 in Stealth
 10731 | D:11     | Found a staircase to the Orcish Mines.
 10737 | D:11     | Found a labyrinth entrance.
 10749 | Lab      | Entered a labyrinth
 10759 | Lab      | XOM: mild Tloc miscast
 10937 | Lab      | XOM: mild Summ miscast
 11422 | Lab      | Noticed a minotaur
 11439 | Lab      | Killed a minotaur
 11572 | D:11     | Found a radiant altar of Vehumet.
 11813 | D:11     | Noticed Erica
 11823 | D:11     | Killed Erica
 11954 | D:11     | Noticed a red ugly thing
 11960 | D:11     | Killed a red ugly thing
 11960 | D:11     | Reached skill level 5 in Invocations
 11966 | D:11     | Gained mutation: You are resistant to electric shocks. [mutagenic meat]
 11968 | D:11     | Gained mutation: You are agile. (Dex +2) [mutagenic meat]
 12125 | D:12     | Noticed Sonja
 12133 | D:12     | Killed Sonja
 12238 | D:12     | Noticed a hill giant
 12250 | D:12     | Killed a hill giant
 12272 | D:12     | Noticed a harpy
 12273 | D:12     | a harpy changed into a blink frog
 12287 | D:12     | Found a runed gate.
 12287 | D:12     | Found a runed gate.
 12287 | D:12     | Found a runed gate.
 12291 | D:12     | Gained mutation: You are very agile. (Dex +4) [mutagenic meat]
 12293 | D:12     | Gained mutation: You are covered in fur (AC +1). [mutagenic meat]
 12326 | D:12     | XOM: mild Ice miscast
 12350 | D:12     | XOM: noise
 12352 | D:12     | Noticed a sphinx
 12377 | D:12     | Noticed a storm dragon
 12377 | D:12     | Noticed a harpy
 12377 | D:12     | a harpy changed into a soldier ant
 12389 | D:12     | Noticed an unseen horror
 12394 | D:12     | Killed an unseen horror
 12440 | D:12     | Reached XP level 12. HP: 68/68 MP: 19/19
 12447 | D:12     | Found a runed gate.
 12447 | D:12     | Found a runed gate.
 12447 | D:12     | Found a runed gate.
 12548 | D:12     | XOM: medium Hex miscast
 12646 | D:12     | Reached skill level 12 in Stealth
 12667 | D:12     | Noticed a hill giant
 12670 | D:12     | Killed a hill giant
 12670 | D:12     | Reached skill level 10 in Slings
 12670 | D:12     | Reached skill level 10 in Evocations
 12882 | D:12     | Found Peseedud's Magic Scroll Boutique.
 12890 | D:12     | Bought a scroll of identify for 30 gold pieces
 12890 | D:12     | Identified a scroll of acquirement
 12894 | D:12     | Identified a +5 rod of shadows (10/10) (You acquired it on level 12 of the Dungeon)
 12981 | D:12     | Reached **** piety under Fedhas
 13172 | D:12     | Found a shimmering altar of Xom.
 13435 | D:13     | Noticed a centaur warrior
 13441 | D:13     | Killed a centaur warrior
 13485 | D:13     | XOM: mild Hex miscast
 13615 | D:13     | Noticed a five-headed hydra
 13623 | D:13     | Killed a five-headed hydra
 13704 | D:13     | Noticed Urug
 13712 | D:13     | Killed Urug
 13785 | D:13     | Found Wydwobbe's Elemental Accessories.
 14006 | D:13     | Found a gate to the Vaults.
 14071 | D:13     | Reached XP level 13. HP: 54/77 MP: 20/20
 14417 | D:14     | Reached ***** piety under Fedhas
 14545 | D:14     | XOM: 5-stop teleportation journey
 15187 | D:15     | Entered Level 15 of the Dungeon
 15229 | D:15     | XOM: medium Chrm miscast
 15252 | D:15     | Reached skill level 13 in Stealth
 15600 | D:15     | Found a staircase to the Depths.
 16053 | Orc:1    | Entered Level 1 of the Orcish Mines
 16304 | Orc:1    | Found a flagged portal.
 16320 | Bailey   | Entered a bailey
 16455 | Bailey   | Reached skill level 10 in Shields
 16505 | Bailey   | Noticed an orc warlord
 16520 | Bailey   | Killed an orc warlord
 16583 | Bailey   | XOM: medium Divn miscast
 16795 | Bailey   | XOM: medium Summ miscast
 16860 | Bailey   | Gained mutation: Your spells are a little harder to cast, but a little more powerful. [potion of beneficial mutation]
 16877 | Bailey   | XOM: mild Chrm miscast
 16983 | Orc:1    | Learned a level 6 spell: Statue Form
 16988 | Orc:1    | Learned a level 2 spell: Stoneskin
 17353 | Orc:3    | Found a roughly hewn altar of Beogh.
 17357 | Orc:4    | Entered Level 4 of the Orcish Mines
 17363 | Orc:4    | XOM: summons 4 hostile demons
 17529 | Orc:4    | Reached skill level 1 in Transmutations
 17762 | Orc:4    | Found a staircase to the Elven Halls.
 17795 | Orc:4    | XOM: summons 1 hostile demon
 18212 | Orc:4    | Reached skill level 1 in Earth Magic
 18216 | Orc:4    | Reached XP level 14. HP: 86/86 MP: 22/22
 18239 | Orc:4    | Found Ubli's Antique Armour Shoppe.
 18263 | Orc:4    | Reached skill level 1 in Spellcasting
 18281 | Orc:4    | Found Huheupla's Weapon Shoppe.
 18284 | Orc:4    | Found Tanafrecu's Armour Shop.
 18284 | Orc:4    | Found Pawif's Armour Shop.
 18465 | Orc:4    | XOM: mild Pois miscast
 18633 | Orc:3    | Noticed an orc warlord
 18647 | Orc:3    | Killed an orc warlord
 19249 | Orc:3    | Found a roughly hewn altar of Beogh.
 19288 | Orc:3    | XOM: mild Summ miscast
 19345 | Orc:3    | Reached ****** piety under Fedhas
 19351 | Orc:3    | Paralysed by an orc sorcerer for 4 turns
 20095 | D:11     | XOM: mild Tloc miscast
 20257 | Lair:1   | Entered Level 1 of the Lair of Beasts
 20358 | Lair:1   | XOM: summons 9 hostile demons
 20358 | Lair:1   | Was forgiven by Xom
 20525 | Lair:1   | Reached skill level 5 in Fighting
 20556 | Lair:1   | Found a dark tunnel.
 20655 | Volcano  | Entered a volcano
 21337 | Lair:1   | Noticed Nergalle
 21349 | Lair:1   | Killed Nergalle
 21415 | Lair:1   | Noticed Grum
 21418 | Lair:1   | Killed Grum
 21786 | Lair:2   | Noticed Gastronok
 21798 | Lair:2   | Killed Gastronok
 22939 | Lair:3   | Noticed Rupert
 22955 | Lair:3   | Killed Rupert
 22955 | Lair:3   | Reached skill level 14 in Stealth
 23162 | Lair:4   | Reached XP level 15. HP: 92/92 MP: 23/23
 23253 | Lair:4   | Found a shimmering altar of Xom.
 23775 | Lair:4   | Found a staircase to the Swamp.
 24079 | Lair:5   | Found a frozen archway.
 24128 | IceCv    | Entered an ice cave
 24440 | IceCv    | Noticed a frost giant
 24464 | IceCv    | Killed a frost giant
 25107 | Lair:5   | Learned a level 6 spell: Deflect Missiles
 25193 | Lair:5   | Found a staircase to the Snake Pit.
 25581 | Lair:6   | Reached skill level 1 in Air Magic
 25655 | Lair:6   | Learned a level 3 spell: Regeneration
 25731 | Lair:6   | Reached skill level 1 in Charms
 25840 | Lair:6   | Reached skill level 5 in Earth Magic
 26008 | Lair:6   | Reached skill level 5 in Transmutations
 26875 | Lair:7   | You fall through a shaft!
 26875 | Lair:8   | Entered Level 8 of the Lair of Beasts
 26903 | Lair:8   | Found a viscous altar of Jiyva.
 26903 | Lair:8   | Found a staircase to the Slime Pits.
 27519 | Lair:8   | Reached XP level 16. HP: 99/99 MP: 25/25
 27951 | Lair:8   | Reached skill level 5 in Spellcasting
 28387 | Lair:7   | Gained mutation: One of your tentacles bears a spike. [potion of beneficial mutation]
 28644 | Swamp:1  | Entered Level 1 of the Swamp
 29300 | Swamp:1  | Reached skill level 1 in Necromancy
 29574 | Swamp:2  | Noticed Donald
 29581 | Swamp:2  | Killed Donald
 29897 | Swamp:2  | Noticed a thorn hunter
 30581 | Swamp:3  | Noticed a thorn hunter
 30581 | Swamp:3  | Noticed a thorn hunter
 30670 | Swamp:3  | Noticed a thorn hunter
 30715 | Swamp:3  | Killed BLOAX's ghost
 31225 | Swamp:4  | Entered Level 4 of the Swamp
 31357 | Swamp:4  | Killed a thorn hunter
 31446 | Swamp:4  | Identified a +4 rod of the swarm (11/11) (You acquired it on level 4 of the Swamp)
 31596 | Swamp:4  | Reached XP level 17. HP: 106/106 MP: 26/26
 31921 | Swamp:4  | Got a decaying rune of Zot
 32297 | Snake:1  | Entered Level 1 of the Snake Pit
 32888 | Snake:2  | Noticed Norris
 33396 | Elf:1    | Entered Level 1 of the Elven Halls
 33451 | Elf:1    | Found a portal to a secret trove of treasure.
 33853 | Elf:1    | Reached skill level 5 in Charms
 33871 | Elf:1    | Found Ampezoys's Food Shop.
 33897 | Elf:1    | Found Xepluoc's Gadget Boutique.
 34600 | Elf:2    | Reached skill level 5 in Air Magic
 34697 | Elf:2    | Found Roasagg's Assorted Antiques.
 34832 | Elf:2    | Found a runed gate.
 34835 | Elf:2    | Found a runed gate.
 34852 | Elf:2    | Learned a level 3 spell: Recall
 34896 | Elf:2    | Found a runed gate.
 35090 | Elf:2    | Learned a level 2 spell: Repel Missiles
 35093 | Elf:2    | Learned a level 2 spell: Swiftness
 35547 | Elf:3    | Entered Level 3 of the Elven Halls
 35562 | Elf:3    | Gained mutation: Your flesh is cold resistant. [potion of mutation]
 35562 | Elf:3    | Gained mutation: Your mind is acute. (Int +2) [potion of mutation]
 36547 | Elf:3    | Reached XP level 18. HP: 105/112 MP: 27/27
 36602 | Elf:3    | Noticed a deep elf blademaster
 36604 | Elf:3    | Noticed a Hell Sentinel
 36687 | Elf:3    | Killed a deep elf blademaster
 36921 | Elf:3    | Got a scintillating iron ring
 36923 | Elf:3    | Identified the ring "Seuc" {Ice rElec rN+ Int-5} (You took it off a deep elf high priest on level 3 of the Elven Halls)
 36939 | Elf:3    | Noticed a deep elf master archer
 36939 | Elf:3    | Noticed a deep elf blademaster
 36951 | Elf:3    | Killed a deep elf master archer
 36985 | Elf:3    | Killed a deep elf blademaster
 37005 | Elf:3    | Noticed a deep elf master archer
 37016 | Elf:3    | Killed a deep elf master archer
 37148 | Elf:3    | Got a ring of the Octopus King
 37152 | Elf:3    | Identified a ring of the Octopus King {AC+1 EV+1 Str+1 Int+1 Dex+1 Stlth+} (You took it off a deep elf high priest on level 3 of the Elven Halls)
 37222 | Elf:3    | Got a warped shield
 37233 | Elf:3    | Identified the +4 shield "Ijuffe" {Int+2 Slay+2} (You took it off a deep elf annihilator on level 3 of the Elven Halls)
 37244 | Elf:3    | Got a pitted mace {speed}
 37245 | Elf:3    | Identified the +2 mace of Exquisite Death {speed, rN+} (You took it off a deep elf annihilator on level 3 of the Elven Halls)
 37250 | Elf:3    | Got a fine quarterstaff {venom}
 37255 | Elf:3    | Got an encrusted hand axe {chop}
 37305 | Elf:3    | Learned a level 5 spell: Phase Shift
 37470 | Elf:3    | Upgraded the game from 0.17.0-26-gececa24 to 0.17.0-27-g4a3f43e
 37792 | Vaults:1 | Entered Level 1 of the Vaults
 37927 | Vaults:1 | Reached skill level 1 in Translocations
 38780 | Vaults:1 | Reached skill level 10 in Charms
 38922 | Vaults:1 | Reached skill level 10 in Transmutations
 39008 | Vaults:1 | Reached XP level 19. HP: 77/117 MP: 22/28
 39576 | Vaults:1 | Reached skill level 10 in Air Magic
 39586 | Vaults:1 | Gained mutation: You are partially covered in icy blue scales (AC +1). [mutagenic meat]
 39587 | Vaults:1 | Gained mutation: You expend magic power (3 MP) to strengthen your wands. [mutagenic meat]
 39588 | Vaults:1 | Lost mutation: One of your tentacles bears a spike. [mutagenic meat]
 39593 | Vaults:1 | Lost mutation: Your flesh is cold resistant. [mutagenic meat]
 39855 | Vaults:2 | Noticed Frederick
 39877 | Vaults:2 | Killed Frederick
 40181 | Vaults:2 | Reached skill level 5 in Translocations
 40192 | Vaults:2 | Found Wicon's Jewellery Shop.
 40683 | Vaults:2 | Reached skill level 10 in Dodging
 42046 | Vaults:3 | Reached skill level 10 in Earth Magic
 42099 | Vaults:3 | Found a staircase to the Crypt.
 42141 | Vaults:3 | Reached XP level 20. HP: 112/123 MP: 29/29
 43019 | Vaults:3 | Lost mutation: You expend magic power (3 MP) to strengthen your wands. [mutagenic meat]
 43021 | Vaults:3 | Gained mutation: You are resistant to hostile enchantments. [mutagenic meat]
 43071 | Vaults:3 | Gained mutation: You are partially covered in thin metallic scales (AC +2). [mutagenic meat]
 43073 | Vaults:3 | Lost mutation: Your mind is acute. (Int +2) [mutagenic meat]
 43075 | Vaults:3 | Lost mutation: You are very agile. (Dex +4) [mutagenic meat]
 43077 | Vaults:3 | Gained mutation: Your natural rate of healing is unusually fast. [mutagenic meat]
 43098 | Vaults:3 | Lost mutation: You are partially covered in thin metallic scales (AC +2). [mutagenic meat]
 43829 | Vaults:4 | Gained mutation: You are dopey. (Int -2) [a neqoxec]
 43842 | Vaults:4 | Paralysed by the power of Zot for 5 turns
 43991 | Vaults:4 | Lost mutation: You are resistant to hostile enchantments. [mutagenic meat]
 44396 | Vaults:4 | Found Ybridghos's Magic Scroll Shoppe.
 44414 | Vaults:4 | Bought a scroll of fog for 36 gold pieces
 44414 | Vaults:4 | Bought a scroll of blinking for 135 gold pieces
 44414 | Vaults:4 | Bought a scroll of blinking for 135 gold pieces
 45365 | Vaults:5 | Entered Level 5 of the Vaults
 45388 | Vaults:5 | Reached XP level 21. HP: 127/127 MP: 9/31
 45606 | Vaults:5 | Got a faintly glowing golden ring
 45690 | Vaults:5 | Reached skill level 10 in Invocations
 45956 | Vaults:5 | Got a sparkling tin ring
 45958 | Vaults:5 | Identified the ring "Yloep" {rC+ MR+} (You found it on level 5 of the Vaults)
 45963 | Vaults:5 | Identified the ring of Starshine {-Tele rPois Dex+9 SInv Stlth+} (You took it off a vault guard on level 5 of the Vaults)
 46825 | Vaults:5 | Identified a +6 rod of destruction (7/9) (You took it off a vault warden on level 5 of the Vaults)
 46829 | Vaults:5 | Got a brightly glowing diamond amulet
 46844 | Vaults:5 | Reached skill level 15 in Evocations
 46979 | Vaults:5 | Identified the amulet "Buthuolihu" {Clar MR+ Str+4 Int+5 Dex-4} (You took it off a vault warden on level 5 of the Vaults)
 47142 | Vaults:5 | Got a fine blowgun
 47188 | Vaults:5 | Identified the +1 blowgun of Arbitration {speed, Str+6 Dex-4} (You took it off an ironheart preserver on level 5 of the Vaults)
 47212 | Vaults:5 | Reached XP level 22. HP: 134/134 MP: 33/33
 47359 | Vaults:5 | Found Adghol's Book Shop.
 47390 | Vaults:5 | Bought a manual of Earth Magic for 1545 gold pieces
 47397 | Vaults:5 | Identified Nocoorid's Grimoire of Lucky Execration (You found it on level 5 of the Vaults)
 47573 | Vaults:5 | Got a silver rune of Zot
 47576 | Vaults:5 | Identified the Grimoire of Mutagenic Envenoming
 47582 | Vaults:5 | Learned a level 3 spell: Mephitic Cloud
 48199 | Vaults:5 | Identified the Disquisition on Attacks
 48207 | Vaults:5 | Got a slimy war axe {flame}
 48208 | Vaults:5 | Identified the +4 war axe "Nuqa" {flame, Int+2} (You took it off an ironbrand convoker on level 5 of the Vaults)
 48591 | D:12     | Killed a sphinx
 48601 | D:12     | Killed a storm dragon
 48701 | D:12     | Identified a +9 rod of ignition (11/11) (You found it on level 12 of the Dungeon)
 48706 | D:12     | Got a scorched bronze amulet
 48707 | D:12     | Identified the amulet "Gyef" {Faith rC+ rN+} (You found it on level 12 of the Dungeon)
 49075 | Snake:1  | Reached skill level 1 in Poison Magic
 49104 | Snake:2  | Reached skill level 1 in Conjurations
 49241 | Snake:2  | Noticed confidenceinterval's ghost (adept MiGl)
 49261 | Snake:2  | Killed Norris
 49376 | Snake:2  | Killed confidenceinterval's ghost
 51038 | Snake:3  | Noticed Azrael
 51060 | Snake:3  | Killed Azrael
 51100 | Snake:4  | Entered Level 4 of the Snake Pit
 51344 | Snake:4  | Found Xalatt's Food Emporium.
 51368 | Snake:4  | Bought a bread ration for 60 gold pieces
 51368 | Snake:4  | Bought a bread ration for 60 gold pieces
 51368 | Snake:4  | Bought a bread ration for 60 gold pieces
 51368 | Snake:4  | Bought a bread ration for 60 gold pieces
 52017 | Snake:4  | Reached XP level 23. HP: 130/138 MP: 34/34
 52687 | Snake:4  | Lost mutation: You are agile. (Dex +2) [mutagenic meat]
 52689 | Snake:4  | Gained mutation: Your body sometimes deteriorates upon taking damage. [mutagenic meat]
 52937 | Snake:4  | Reached skill level 16 in Evocations
 53075 | Snake:4  | Got a serpentine rune of Zot
 53644 | Slime:1  | Entered Level 1 of the Pits of Slime
 53781 | Slime:2  | Found a shimmering altar of Xom.
 54160 | Slime:6  | Entered Level 6 of the Pits of Slime
 54160 | Slime:6  | Noticed 4thArraOfDagon's ghost (journeyman MiBe)
 54173 | Slime:6  | Killed 4thArraOfDagon's ghost
 54210 | Slime:6  | Noticed puimuR's ghost (adept TrMo)
 54214 | Slime:6  | HP: 6/138 [very large slime creature (47)]
 54311 | Slime:6  | Killed puimuR's ghost
 54616 | Slime:6  | Reached skill level 5 in Poison Magic
 54679 | Slime:6  | Noticed the royal jelly
 54746 | Slime:6  | Killed the royal jelly
 55529 | Lair:1   | Upgraded the game from 0.17.0-27-g4a3f43e to 0.17.0-28-g6e173f8
 55670 | Lair:6   | Learned a level 6 spell: Poisonous Cloud
 56189 | Depths:1 | Entered Level 1 of the Depths
 56673 | Depths:1 | Reached XP level 24. HP: 144/144 MP: 35/35
 56704 | Depths:1 | Reached skill level 1 in Staves
 56729 | Depths:1 | Gained mutation: You are partially covered in iridescent scales (AC +4). [mutagenic meat]
 56731 | Depths:1 | Gained mutation: You are robust (+10% HP). [mutagenic meat]
 56732 | Depths:1 | Gained mutation: One of your tentacles bears a spike. [mutagenic meat]
 56840 | Depths:1 | Reached skill level 10 in Translocations
 56868 | Depths:1 | Gained mutation: You possess an exceptional clarity of mind. [potion of mutation]
 56931 | Depths:1 | Found a gateway to Hell.
 57680 | Depths:2 | Found an ancient bone altar of Kikubaaqudgha.
 57687 | Depths:2 | Reached skill level 5 in Conjurations
 57799 | Depths:2 | Got a fine granite ring
 57800 | Depths:2 | Identified the ring of Curiosity {rC+ MR+ Str+7 Int+3} (You took it off an ogre mage on level 2 of the Depths)
 57827 | Depths:2 | Noticed Jorgrun
 57835 | Depths:2 | Killed Jorgrun
 58723 | Depths:3 | Found a one-way gate leading to the halls of Pandemonium.
 58741 | Depths:3 | Noticed Wiglaf
 58755 | Depths:3 | Killed Wiglaf
 59647 | Vaults:5 | Learned a level 6 spell: Iron Shot
 60206 | D:12     | Bought a scroll of identify for 30 gold pieces
 60206 | D:12     | Bought a scroll of identify for 30 gold pieces
 60206 | D:12     | Bought a scroll of identify for 30 gold pieces
 60206 | D:12     | Bought a scroll of blinking for 112 gold pieces
 60206 | D:12     | Bought a scroll of identify for 30 gold pieces
 60206 | D:12     | Bought a scroll of enchant weapon for 112 gold pieces
 60520 | Vaults:4 | Bought a scroll of identify for 36 gold pieces
 60520 | Vaults:4 | Bought a scroll of identify for 36 gold pieces
 61044 | D:8      | Bought a scroll of identify for 24 gold pieces
 61044 | D:8      | Bought a scroll of identify for 24 gold pieces
 61411 | Snake:4  | Reached skill level 10 in Spellcasting
 61476 | Snake:4  | Bought a meat ration for 60 gold pieces
 61476 | Snake:4  | Bought a meat ration for 60 gold pieces
 61476 | Snake:4  | Bought a meat ration for 60 gold pieces
 61476 | Snake:4  | Bought a meat ration for 60 gold pieces
 62012 | Elf:1    | You paid a toll of 21 scrolls of identify to enter a treasure trove
 62013 | Trove    | Entered a treasure trove
 62021 | Trove    | Got a smoking large shield
 62030 | Trove    | Got an ancient iron ring
 62034 | Trove    | Got a polished hunting sling
 62066 | Trove    | Identified the +0 large shield of Gallantry {rC+} (You found it in a treasure trove)
 62068 | Trove    | Identified the ring "Agusi" {Fire *Contam Str+4} (You found it in a treasure trove)
 62077 | Trove    | Identified the +6 hunting sling of Piseog {freeze, rC+ MP+9 Str-3 Stlth+} (You found it in a treasure trove)
 62642 | Depths:4 | Found a one-way gate to the infinite horrors of the Abyss.
 62716 | Depths:4 | Lost mutation: Your spells are a little harder to cast, but a little more powerful. [mutagenic meat]
 62825 | Depths:4 | Reached skill level 15 in Transmutations
 62970 | Depths:4 | Reached skill level 17 in Evocations
 63000 | Depths:4 | Found a gateway to a ziggurat.
 63044 | Depths:4 | Lost mutation: You are dopey. (Int -2) [mutagenic meat]
 63122 | Depths:4 | Lost mutation: One of your tentacles bears a spike. [mutagenic meat]
 63123 | Depths:4 | Lost mutation: You possess an exceptional clarity of mind. [mutagenic meat]
 63499 | Depths:5 | Entered Level 5 of the Depths
 63507 | Depths:5 | Reached XP level 25. HP: 156/163 MP: 37/37
 63726 | Depths:5 | Reached skill level 5 in Staves
 63811 | Depths:5 | Gained mutation: Your flesh is cold resistant. [mutagenic meat]
 63812 | Depths:5 | Lost mutation: Your flesh is cold resistant. [mutagenic meat]
 63914 | Depths:5 | Reached skill level 15 in Shields
 63992 | Depths:5 | Gained mutation: You passively map a small area around you. [mutagenic meat]
 63994 | Depths:5 | Gained mutation: You are very robust (+20% HP). [mutagenic meat]
 63997 | Depths:5 | Lost mutation: You passively map a small area around you. [mutagenic meat]
 64000 | Depths:5 | Gained mutation: You are agile. (Dex +2) [mutagenic meat]
 64001 | Depths:5 | Lost mutation: You can translocate small distances at will. [mutagenic meat]
 64002 | Depths:5 | Lost mutation: Your body sometimes deteriorates upon taking damage. [mutagenic meat]
 64003 | Depths:5 | Gained mutation: You evolve. [mutagenic meat]
 64069 | Depths:5 | Noticed a juggernaut
 64088 | Depths:5 | Killed a juggernaut
 64247 | Depths:5 | Found a gate to the Realm of Zot.
 64485 | Depths:5 | Gained mutation: You are very agile. (Dex +4) [mutagenic meat]
 64486 | Depths:5 | Gained mutation: Your mind is acute. (Int +2) [mutagenic meat]
 64487 | Depths:5 | Lost mutation: You evolve. [mutagenic meat]
 64597 | Hell     | Entered the Vestibule of Hell
 64597 | Hell     | Noticed Geryon
 64892 | Hell     | Killed Geryon
 65062 | Hell     | Found a gateway to the Iron City of Dis.
 65166 | Hell     | Reached skill level 15 in Earth Magic
 65302 | Hell     | Found a gateway to the ashen valley of Gehenna.
 65366 | Hell     | Found a gateway to the decaying netherworld of Tartarus.
 65433 | Hell     | Found a gateway to the freezing wastes of Cocytus.
 65537 | Coc:1    | Entered Level 1 of Cocytus
 65749 | Coc:1    | Reached XP level 26. HP: 183/186 MP: 38/38
 66141 | Coc:7    | Entered Level 7 of Cocytus
 66352 | Coc:7    | Noticed the Serpent of Hell
 66374 | Coc:7    | Slain by the Serpent of Hell

Action                   |  1- 3 |  4- 6 |  7- 9 | 10-12 | 13-15 | 16-18 | 19-21 | 22-24 | 25-27 || total
-------------------------+-------+-------+-------+-------+-------+-------+-------+-------+-------++-------
Melee: Short sword       |    86 |    61 |       |       |       |       |       |       |       ||   147
       Dagger            |       |   333 |     6 |       |       |       |       |       |       ||   339
       Rapier            |       |       |   172 |       |   482 |   378 |     8 |   388 |       ||  1428
       Hunting sling     |       |       |       |       |     5 |       |       |       |       ||     5
       Rod               |       |       |       |       |       |       |     1 |       |     1 ||     2
       Staff             |       |       |       |       |       |       |       |   683 |   698 ||  1381
 Fire: Hunting sling     |    13 |       |   117 |   628 |  1403 |  1349 |  2211 |  1455 |       ||  7176
       Greatsling        |       |       |       |       |   102 |     7 |    47 |   153 |     1 ||   310
Throw: Throwing net      |       |       |       |       |       |       |     2 |     4 |       ||     6
       Stone             |       |       |       |       |       |       |     1 |       |       ||     1
 Cast: Regeneration      |       |       |       |       |       |    19 |    17 |    45 |    32 ||   113
       Repel Missiles    |       |       |       |       |       |     2 |     3 |       |       ||     5
       Stoneskin         |       |       |       |       |       |     2 |       |    21 |    18 ||    41
       Swiftness         |       |       |       |       |       |     1 |     1 |     1 |       ||     3
       Recall            |       |       |       |       |       |       |     6 |     2 |     5 ||    13
       Deflect Missiles  |       |       |       |       |       |       |       |    11 |     1 ||    12
       Statue Form       |       |       |       |       |       |       |       |    33 |    21 ||    54
       Phase Shift       |       |       |       |       |       |       |       |     2 |    10 ||    12
       Poisonous Cloud   |       |       |       |       |       |       |       |       |     7 ||     7
       Iron Shot         |       |       |       |       |       |       |       |       |     6 ||     6
Invok: Evolution         |       |       |     5 |     3 |    22 |    15 |    37 |    21 |     6 ||   109
       Reproduction      |       |       |       |       |     5 |    21 |     1 |     4 |       ||    31
       Rain              |       |       |       |       |     2 |    10 |     9 |     2 |       ||    23
       Sunlight          |       |       |       |       |       |     4 |     1 |       |       ||     5
       Growth            |       |       |       |       |       |     1 |     3 |       |       ||     4
 Abil: Evoke Blink       |       |       |       |       |       |       |     2 |       |       ||     2
Evoke: Wand              |     1 |     8 |     8 |     8 |     9 |    20 |     5 |    10 |     1 ||    70
       Rod               |       |       |       |       |     7 |    33 |    21 |    46 |    12 ||   119
       Phial of floods   |       |       |       |       |       |     1 |       |       |     3 ||     4
       Disc of storms    |       |       |       |       |       |       |       |     5 |    15 ||    20
       Horn of Geryon    |       |       |       |       |       |       |       |       |     1 ||     1
  Use: Potion            |     1 |       |     5 |    12 |     4 |    11 |     2 |     6 |     9 ||    50
       Scroll            |       |       |     9 |    14 |    19 |    25 |     9 |    15 |     5 ||    96
 Stab: Sleeping          |    11 |    11 |    17 |       |    39 |    36 |       |    23 |    19 ||   156
       Distracted        |     2 |       |     1 |       |     4 |     2 |       |     9 |     1 ||    19
       Confused          |       |       |       |       |     4 |       |       |     2 |       ||     6
       Held in net/web   |       |       |       |       |       |       |     3 |       |       ||     3
  Eat: Chunk             |     3 |     6 |     4 |     8 |     2 |     7 |    37 |    41 |    25 ||   133
       Bread ration      |       |     1 |     1 |       |     7 |     6 |     2 |    13 |       ||    30
       Meat ration       |       |       |     1 |     4 |     1 |     3 |     3 |     1 |       ||    13
       Beef jerky        |       |       |       |     1 |       |     2 |     2 |     1 |    12 ||    18
       Pizza             |       |       |       |     1 |     3 |     2 |       |       |       ||     6
       Royal jelly       |       |       |       |       |     1 |       |       |       |       ||     1
